 Dungeon Crawl Stone Soup version 0.31-a0-162-gc4c5a43528 (webtiles) character file.

Game seed: 3484538402059915614

36 qw the Chopper (level 3, -2/23 HPs)
             Began as a Gargoyle Fighter on June 12, 2023.
             Slain by Robin
             ... wielding a +0 dagger
              (3 damage)
             ... on level 2 of the Dungeon.
             The game lasted 00:00:25 (1214 turns).

qw the Chopper (Gargoyle Fighter)                   Turns: 1214, Time: 00:00:26

Health: -2/23      AC: 10    Str: 21    XL:     3   Next: 37%
Magic:  3/3        EV:  9    Int:  8    God:
Gold:   25         SH:  4    Dex:  9    Spells: 2/2 levels left

rFire   . . .        Y - +1 war axe
rCold   . . .        c - +0 buckler
rNeg    + . .        b - +0 scale mail
rPois   inf          (no helmet)
rElec   +            (no cloak)
rCorr   .            (no gloves)
SInv    .            (no boots)
Will    .....        (no amulet) Stlth
                     (no ring)
HPRegen 0.23/turn    (no ring)
MPRegen 0.08/turn

%: no passive effects
@: no status effects
A: sickness immunity, AC +3, negative energy resistance 1, electricity
resistance, torment resistance 1, petrification resistance
a: no special abilities


You were on level 2 of the Dungeon.
You visited 1 branch of the dungeon, and saw 2 of its levels.

You collected 25 gold pieces.


Innate Abilities, Weirdness & Mutations

You are immune to sickness and miasma.
Your stone body is resilient. (AC +3)
You are immune to poison.
You resist negative energy. (rN+)
You are resistant to electric shocks. (rElec)
You are resistant to unholy torment.
You are immune to petrification.


   Skills:
 - Level 3.2 Fighting
 + Level 3.3 Axes
 - Level 3.2 Armour
 - Level 3.2 Shields


You had 2 spell levels left.
You didn't know any spells.
Your spell library was empty.

Inventory:

Hand Weapons
 j - a +0 whip
 Y - a +1 war axe (weapon)
Armour
 b - a +0 scale mail (worn)
 c - a +0 buckler (worn)
Potions
 d - a potion of might
 f - a potion of heal wounds {unknown}
 h - a potion of lignification {unknown}
 m - a potion of haste {unknown}

Dungeon Overview and Level Annotations

Branches:
Dungeon (2/15)

Altars:

Shops:
D:1 (

Annotations:
D:2 Robin


Message History

You closely miss Robin. You barely miss the goblin.
The goblin hits you but does no damage. Robin throws the goblin at you!
The goblin hits you but does no damage.
Robin roars a battlecry!
The goblins go into a battle-frenzy!
You block the goblin's attack. The goblin hits you with a +0 club.
You closely miss Robin. You closely miss the goblin. You hit the goblin.
You kill the goblin!
The goblin hits you but does no damage.
You completely miss Robin. You hit the endoplasm. You hit the goblin.
The goblin no longer looks unusually strong.
The goblin hits you but does no damage. Robin closely misses you.
You block the endoplasm's attack.
You slash the goblin!
You kill the goblin!
You hit Robin. You slash the endoplasm!
You kill the endoplasm!
Robin throws the goblin at you! The goblin hits you with a +0 dagger.
Robin hits you but does no damage.
The hobgoblin hits you but does no damage.
You hit Robin.
Robin is moderately wounded.
You closely miss the goblin. You hit the hobgoblin.
The goblin hits you but does no damage. You block the hobgoblin's attack.
Robin hits you but does no damage.
You slash the hobgoblin!
You kill the hobgoblin!
You hit the goblin. You closely miss Robin.
The kobold throws a stone.
You block the stone. Robin hits you but does no damage.
The goblin hits you with a +0 dagger.
You hit Robin but do no damage.
Robin is moderately wounded.
You barely miss the goblin. The goblin closely misses you.
Robin hits you but does no damage. x2
The goblin hits you but does no damage.
You slash Robin!
Robin is almost dead.
You barely miss the goblin. Robin hits you with a +0 dagger.
You die...

....... ....... .......
###### ....... .....
....K #...# ... #..#
#[##..# #g@)..# #######
###g..# #.....##
#...##.#.#....#
...###......#.#....#
#......#####.#....###
....>##.#....#.'.......
#### #.#.##.#.#....###
#.#.##.........#
#.#..#.........#


You could see Robin, a goblin (strong) and a kobold.

Vanquished Creatures
  A dart slug (D:1)
  An endoplasm (D:2)
  12 goblins
  5 hobgoblins
  2 jackals (D:2)
  A kobold (D:1)
  2 quokkas
  A bat (D:1)
  A frilled lizard (D:1)
  2 rats
28 creatures vanquished.

Notes
Turn   | Place    | Note
-------+----------+-------------------------------------------
     0 | D:1      | qw the Gargoyle Fighter began the quest for the Orb.
     0 | D:1      | Reached XP level 1. HP: 14/14 MP: 1/1
     0 | D:1      | 0 ||| qw: Version: 0.2-a-29-gc1b59c4
     0 | D:1      | 0 ||| qw: Game counter: 4423
     0 | D:1      | 0 ||| qw: Always use a shield: true
     0 | D:1      | 0 ||| qw: God list: Okawaru
     0 | D:1      | 0 ||| qw: Allow faded altars: false
     0 | D:1      | 0 ||| qw: Do Orc after D:15 true
     0 | D:1      | 0 ||| qw: Do second Lair branch before Depths: true
     0 | D:1      | 0 ||| qw: Lair rune preference: random
     0 | D:1      | 0 ||| qw: Plans: Normal, Zot:1-4, Slime:5, God:TSO, Crypt,
                  | Tomb, Abyss, Pan, Hells, Win
     0 | D:1      | 0 ||| PLANNING D:1-11
   139 | D:1      | Reached XP level 2. HP: 19/19 MP: 2/2
   186 | D:1      | 186 ||| Stepping ~*~*~tactically~*~*~ (hiding).
   538 | D:1      | 538 ||| DROPPING +0 club.
  1078 | D:1      | Found Dakecs's Antique Weapon Shop.
  1087 | D:1      | 1087 ||| READING scroll labelled NISTUE BASA.
  1088 | D:1      | 1088 ||| READING scroll labelled OXEYNU OCWAEJO.
  1089 | D:1      | 1089 ||| READING scroll labelled BUTI ENISURCHU.
  1090 | D:1      | 1090 ||| READING scroll labelled ORAN GAFYF.
  1091 | D:1      | 1091 ||| READING 2 scrolls labelled MILAWO RISAMMU.
  1092 | D:1      | 1092 ||| DRINKING 2 grey potions.
  1093 | D:1      | 1093 ||| DRINKING 2 clear potions.
  1096 | D:1      | 1096 ||| DROPPING potion of enlightenment.
  1097 | D:1      | 1097 ||| DROPPING potion of ambrosia.
  1098 | D:1      | 1098 ||| DROPPING scroll of vulnerability.
  1159 | D:2      | Reached skill level 3 in Axes
  1188 | D:2      | Noticed Robin
  1195 | D:2      | Reached XP level 3. HP: 8/23 MP: 3/3
  1202 | D:2      | HP: 4/23 [goblin/+0 club[Robin] (5)]
  1207 | D:2      | HP: 3/23 [goblin/+0 club[Robin] (2)]
  1212 | D:2      | HP: 1/23 [goblin/+0 dagger[Robin] (2)]
  1214 | D:2      | Slain by Robin

Levels and vault maps discovered:
D:1:      sevenhm_arrival_forest_fort_large_4, layout_basic, serial_shops,
          nicolae_lakefront_shop
D:2:      layout_basic, serial_shops, shop, uniq_robin

Skill      XL: |  1  2 |
---------------+-------+-----
Axes           | 2 3 |  3.3
Fighting       | |  3.2
Armour         | |  3.2
Shields        | |  3.2

Action                     || total
---------------------------++-------
  Melee: War axe           ||    77
    Use: Scroll            ||     5
         Potion            ||     2
 Armour: Scale mail        ||    59
  Dodge: Dodged            ||    26
  Block: Buckler           ||    15

Table legend:
 A = Non-vault XP
 B = Vault XP
 C = Vault XP percentage of total XP
 D = Non-vault monster count
 E = Vault monster count
 F = Vault count percentage of total count
                 A         B        C        D         E       F
            +---------+---------+-------+---------+---------+-------
      Total |      33 |      19 |  36.5 |      18 |      10 |  35.7
            +---------+---------+-------+---------+---------+-------
        D:1 |      21 |       0 |   0.0 |      11 |       0 |   0.0
        D:2 |      12 |      19 |  61.3 |       7 |      10 |  58.8
            +---------+---------+-------+---------+---------+-------
